Unix NetHack Version 3.7.0-88 Work-in-progress - last build Aug 21 2023 04:08:40 (b68ccb3e4f8f5dcb83e1e40b1ff56e7dffd4cd28,branch:master). Game began 2023-08-26 19:38:38, ended 2023-08-26 22:06:31. Arasaka, neutral male human Monk ----------------- --------------------------- |.........|.....| |..................(.`....| |.--------|.---.| --|.---.-------.----.@.Z|.|.---- |.........|...|.| |.|.|.|.|.....|.[...a...|*|..... |^-------.---.|.--- |.|.|.|.|.---.|.-----.--|.---... |.|.....|.....|...| |...|.|.....|.........| |..*|... |.-%....|--------.| --|.---.|----------.-3-------.|... |.|....*|[....|*|.| |.|.|...|.........|...|.1......... |.|------.---.|.|.--|.|.|.|.|.........|---|.---....... |.|...*...|.*...|...|...|.|.[..*.<....|.11|.| |....... |.---.----|.-------.|.--|.|.|.........|-- |.|--.---... |...|.....|......[.[..| |.|.|.........|.|.|.|......... |--.|--.|.|.--|.---...--|.------------- |...| |.|.|.| |...|.....|...... ---.---.|.|-- |--.|...|.|.----- |.......| |...|...|...| --------- |.---.|.|.{... |....(|...... -------------- Arasaka the Student of Stones St:16 Dx:15 Co:16 In:11 Wi:17 Ch:10 Neutral Dlvl:10 $:53 HP:0(71) Pw:21(61) AC:2 Xp:10/6189 T:10974 Latest messages: What do you want to zap? [dyRU or ?*] In what direction? The mumak turns into a soldier ant! The floating eye turns into a gray dragon! Please move the cursor to an unknown object. (For instructions type a '?') What do you want to write with? [- dyIJRTU or ?*] You write in the dust with your fingertip. Something is written here in the dust. You read: "Elbereth". You see no objects here. The soldier ant turns to flee. The floating eye turns to flee. The soldier ant turns to flee. You hit the soldier ant. The gray dragon breathes fragments! The blast of missiles hits you! But it reflects from your medallion! The blast of missiles hits the gray dragon. The blast of missiles bounces! What do you want to write with? [- dyIJRTU or ?*] Do you want to add to the current engraving? [ynq] (y) You wipe out the message that was written in the dust here. You write in the dust with your fingertip. The gray dragon turns to flee. What do you want to zap? [dyRU or ?*] In what direction? The floating eye vanishes! You feel like a hypocrite. The engraving beneath you fades. What do you want to write with? [- dyIJRTU or ?*] You write in the dust with your fingertip. Something is written here in the dust. You read: "Elbereth". You see no objects here. The soldier ant turns to flee. You hit the soldier ant. You see here a wolf corpse. The soldier ant bites! The soldier ant stings! You miss the soldier ant. You hit the soldier ant. The soldier ant bites! The soldier ant stings! The soldier ant misses! The soldier ant stings! You hit the soldier ant. The soldier ant bites! The soldier ant stings! You die... Inventory: Coins ('$') $ - 53 gold pieces Amulets ('"') f - an uncursed amulet of reflection (being worn) Armor ('[') K - an uncursed +0 elven leather helm (being worn) a - an uncursed +2 pair of leather gloves (being worn) w - an uncursed +0 pair of jumping boots (being worn) b - an uncursed +1 robe (being worn) Comestibles ('%') Z - 3 uncursed cram rations P - 2 uncursed food rations V - an uncursed lizard corpse named tricebane Scrolls ('?') L - a cursed scroll of food detection M - an uncursed scroll of identify Wands ('/') d - an uncursed wand of lightning named empty (0:0) R - an uncursed wand of magic missile (0:3) U - an uncursed wand of polymorph (0:5) y - an uncursed wand of teleportation (0:5) Tools ('(') i - an uncursed wooden flute u - an uncursed blindfold h - an uncursed oil lamp (lit) l - an uncursed oil lamp q - an uncursed +0 pick-axe (weapon in hand) C - an uncursed skeleton key v - an uncursed tin whistle T - an uncursed towel s - an uncursed +0 unicorn horn Gems/Stones ('*') J - an uncursed diamond I - an uncursed luckstone Arasaka the Monk's attributes: Background: You were a Student of Stones, a level 10 male human Monk. You were neutral, on a mission for Chih Sung-tzu who was opposed by Shan Lai Ching (lawful) and Huan Ti (chaotic). You were in the Gnomish Mines, on level 10. You entered the dungeon 10974 turns ago. It was nighttime. You had 6189 experience points, 3811 more were needed to attain level 11. Basics: You had 0 out of 71 hit points. You had 21 out of 61 energy points (spell power). Your armor class was 2. Your wallet contained 53 zorkmids. Autopickup was on for '$"?' plus thrown, with exceptions. Final Characteristics: Your strength was 16 (limit:18/100). Your dexterity was 15 (limit:18). Your constitution was 16 (limit:18). Your intelligence was 11 (limit:18). Your wisdom was 17 (limit:18). Your charisma was 10 (limit:18). Final Status: You were not hungry. You were unencumbered. You were wielding a pick-axe. You had no skill with pick-axe. Final Attributes: You were piously aligned. You were cold resistant. You were sleep resistant. You were poison resistant. You saw invisible. You were telepathic. You were warned. You had automatic searching. You were stealthy. You could jump. You were guarded. You were fast. You had reflection. You were lucky. You had extra luck. Bad luck did not time out for you. Good luck did not time out for you. You are dead. Miscellaneous: You disabled loading of bones levels. Total elapsed playing time was 1 hour, 28 minutes and 29 seconds. Major events: Turn 1: Arasaka the neutral male human Monk entered the dungeon 157: entered the Gnomish Mines 1360: attained the rank of Novice (level 3) 1660: performed his first genocide (class m) 2552: reached Mine Town 2580: attained the rank of Initiate (level 6) 3197: entered Sokoban 3631: genocided rust monsters 4100: completed 1st Sokoban level 4501: completed 2nd Sokoban level 4802: completed 3rd Sokoban level 5992: completed 4th Sokoban level 6327: acquired the Sokoban amulet of reflection 10352: attained the rank of Student of Stones (level 10) 10654: acquired the Mines' End luckstone 10974: killed by a soldier ant Vanquished creatures: a vampire leader a vampire a giant mimic a long worm a small mimic 3 ettin mummies a quantum mechanic a gelatinous cube a large dog 2 freezing spheres a large cat 3 tigers 3 tengu an ochre jelly a pit viper a carnivorous ape an ettin zombie a Grey-elf a chameleon 3 giant beetles 2 quivering blobs a cockatrice 3 wolves a panther 3 gremlins 2 leprechauns an orc-captain an iron piercer 2 giant spiders 2 black lights 2 vampire bats a gnome ruler an orc mummy 4 owlbears a gold golem 2 Green-elves 2 lizards a dingo 2 jaguars a black unicorn 2 dust vortices a raven 5 gnome mummies an ape a Woodland-elf 2 soldier ants 9 bugbears a wood nymph a water nymph 9 Mordor orcs 2 orc shamans a rock piercer 3 rock moles a pony 4 fog clouds 2 yellow lights 2 shriekers 13 gnome leaders 4 gnomish wizards 2 kobold mummies a gray ooze 4 elf zombies 2 ghouls a straw golem 4 giant ants 2 little dogs 3 floating eyes 13 dwarves a homunculus a kobold leader 4 kobold shamans 7 hill orcs 4 rothes 3 centipedes 2 giant bats a monkey 2 orc zombies a wererat 4 iguanas 2 killer bees 6 coyotes 6 hobbits 2 large kobolds 13 hobgoblins an orc 9 giant rats a cave spider 58 gnomes 8 garter snakes 2 gnome zombies 3 geckos 9 jackals 4 kobolds 4 goblins 2 sewer rats 7 grid bugs 6 lichens 2 kobold zombies 2 newts 337 creatures vanquished. Genocided species: giant mimics large mimics small mimics rust monsters 4 species genocided. Voluntary challenges: You read items or engraved 20 times. You engraved Elbereth 5 times. You genocided 4 types of monsters. You never changed form. You used no wishes. You did not violate any of the special Sokoban rules. Achievements: You entered the Gnomish Mines. You entered a shop. You attained the rank of Novice. You entered Minetown. You attained the rank of Initiate. You entered Sokoban. You completed Sokoban. You attained the rank of Student of Stones. You completed the Gnomish Mines. The Dungeons of Doom: levels 1 to 9 Level 1: An altar to Chih Sung-tzu, a fountain. Level 2: Stairs down to The Gnomish Mines. Level 3: A sink. Level 4: A general store, a fountain. Level 5: Many fountains. Level 6: "s" Stairs up to Sokoban, level 5. Level 7: Level 8: "s" Some fountains. Level 9: The Gnomish Mines: levels 3 to 10 Level 3: Level 4: Level 5: An altar, a fountain. Level 6: Level 7: Level 8: Level 9: Level 10: <- You were here. A fountain. Final resting place for you, killed by a soldier ant. Sokoban: levels 5 up to 2 Level 2: Solved. Level 3: Solved. Level 4: Solved. Level 5: Solved. Game over: ---------- / \ / REST \ / IN \ / PEACE \ / \ | Arasaka | | 53 Au | | killed by a | | soldier ant | | | | | | 2023 | *| * * * | * _________)/\\_//(\/(/\)/\//\/|_)_______ Goodbye Arasaka the Monk... You died in The Gnomish Mines on dungeon level 10 with 25294 points, and 53 pieces of gold, after 10974 moves. You were level 10 with a maximum of 71 hit points when you died.